 Dungeon Crawl Stone Soup version 0.28-a0-863-g8cecda6153 (webtiles) character file.

Game seed: 7589787142330996365

47 vineage the Skirmisher (level 3, 25/29 HPs)
             Began as a Demonspawn Gladiator on Nov 18, 2021.
             Quit the game on level 2 of the Dungeon.
             The game lasted 00:01:50 (1562 turns).

vineage the Skirmisher (Demonspawn Gladiator)       Turns: 1562, Time: 00:01:50

Health: 25/29      AC:  4    Str: 15    XL:     3   Next: 48%
Magic:  3/3        EV:  7    Int:  9    God:
Gold:   11         SH: 10    Dex: 14    Spells: 2/2 levels left

rFire   . . .      SeeInvis .   a - +0 war axe
rCold   . . .      Faith    .   h - +0 tower shield
rNeg    + . .      Spirit   .   b - +0 leather armour
rPois   .          Reflect  .   c - +0 helmet
rElec   .          Harm     .   (no cloak)
rCorr   .          Rampage  .   (no gloves)
Will    .....                   (no boots)
Stlth   +.........              (no amulet)
HPRegen 0.09/turn               f - ring of positive energy
MPRegen 0.08/turn               (no ring)

@: mildly poisoned (25 -> 22)
A: claws 1, powered by pain 1
a: no special abilities


You were on level 2 of the Dungeon.
You visited 1 branch of the dungeon, and saw 2 of its levels.

You collected 11 gold pieces.

Inventory:

Hand Weapons
 a - a +0 war axe (weapon)
Missiles
 d - 3 throwing nets (quivered)
Armour
 b - a +0 leather armour (worn)
 c - a +0 helmet (worn)
 h - a +0 tower shield (worn)
Jewellery
 f - a ring of positive energy (left claw)
Scrolls
 e - a scroll of magic mapping {unknown}
 g - a scroll of teleportation {unknown}


   Skills:
 + Level 3.1 Fighting
 - Level 2.6 Axes
 - Level 1.7 Throwing
 + Level 1.9 Armour
 - Level 2.6 Dodging


You had 2 spell levels left.
You didn't know any spells.
Your spell library was empty.

Dungeon Overview and Level Annotations

Branches:
Dungeon (2/15)

Altars:


Innate Abilities, Weirdness & Mutations

You have sharp fingernails.
You sometimes gain a little power by taking damage.


Message History

You miss the adder.
The adder is severely wounded.
You feel sick. The adder bites you but does no damage.
You block the adder's attack.
You slash the adder!
You kill the adder!
You feel sick.
You are no longer poisoned.
Your Fighting skill increases to level 3!
Okay, then.
An adder comes into view.
The adder hisses angrily.
An adder is nearby!
The adder bites you but does no damage.
You slash the adder!
The adder is almost dead.
You block the adder's attack. x2
Your shield prevents you from hitting the adder.
The adder is almost dead.
You block the adder's attack. The adder barely misses you. The adder bites you.
You hit the adder.
The adder is almost dead.
The adder bites you. You block the adder's attack.
You barely miss the adder.
The adder is almost dead.
The adder bites you but does no damage. x2; The adder bites you.
You are poisoned.
The adder poisons you!
You hit the adder.
You kill the adder!
You feel sick.
No target in view!
No target in view!
No target in view!
No target in view!
No target in view!
No target in view!
No target in view!
No target in view!
Are you sure you want to abandon this character and quit the game? (Confirm with "yes".)

#.######.#### #
#...........# #.
########.##.####
#.#####
#........
#.....#
####.###.
#.....+ #.# #.
#....# #.# #.
#....########
#.# #.
#...@........
#.# #^
#####.###### #.#
#. #.#
########.# #.
#.# #........#
## #.#
#.######## #.#
#.# #.###.#
#.....# #######


There were no monsters in sight!

Vanquished Creatures
  2 adders (D:2)
  A dart slug (D:1)
  3 bats
  An endoplasm (D:2)
  3 giant cockroaches (D:1)
  3 goblins
  2 hobgoblins (D:1)
  2 ball pythons
  A frilled lizard (D:1)
  6 kobolds
  5 rats (D:1)
29 creatures vanquished.

Notes
Turn   | Place    | Note
-------+----------+-------------------------------------------
     0 | D:1      | vineage the Demonspawn Gladiator began the quest for the
                  | Orb.
     0 | D:1      | Reached XP level 1. HP: 16/16 MP: 1/1
   372 | D:1      | Reached skill level 1 in Armour
   372 | D:1      | Gained mutation: You sometimes gain a little power by
                  | taking damage. [demonic ancestry]
   372 | D:1      | Reached XP level 2. HP: 23/23 MP: 2/2
  1245 | D:2      | Gained mutation: You have sharp fingernails. [demonic
                  | ancestry]
  1245 | D:2      | Reached XP level 3. HP: 28/28 MP: 3/3
  1335 | D:2      | Reached skill level 3 in Fighting
  1562 | D:2      | Quit the game

Illustrated notes

Levels and vault maps discovered:
D:1:      minmay_arrival_four_houses, layout_loops_ring, minivault_24
D:2:      layout_basic, shapermc_ecumenical_altar_ellora

Skill      XL: |  1  2  3 |
---------------+----------+-----
Armour         | 1 |  1.9
Fighting       | 3 |  3.1
Axes           | |  2.6
Throwing       | |  1.7
Dodging        | |  2.6

Action                   || total
-------------------------++-------
Melee: War axe           ||    73
 Stab: Sleeping          ||     1
Armor: Leather armour    ||    32
Dodge: Dodged            ||    31
Block: Tower shield      ||    28

Table legend: (Time is in decaauts)
 A = Elapsed time spent in this place.
 B = Non-inter-level travel time spent in this place.
 C = Inter-level travel time spent in this place.
 D = Time resting spent in this place.
 E = Time spent auto-exploring this place.
 F = Levels seen in this place.
 G = Mean time per level.
                   A        B        C        D        E       F      G
               +--------+--------+--------+--------+--------+-----+--------+
         Total |   1607 |   1556 |     51 |      0 |   1338 |   2 |  803.5 |
       Dungeon |   1607 |   1556 |     51 |      0 |   1338 |   2 |  803.5 |
               +--------+--------+--------+--------+--------+-----+--------+

Top non-repeatable levels by time:
     D:1: 1079 daAuts
     D:2: 528 daAuts
